 Dungeon Crawl Stone Soup version 0.30-a0-779-g7971cf19c3 (webtiles) character file.

Game seed: 4782773311516645111

18 Firecrotchwizard the Chopper (level 2, -1/27 HPs)
             Began as a Hill Orc Monk on Feb 18, 2023.
             Slain by an adder (2 damage)
             ... on level 3 of the Dungeon.
             The game lasted 00:02:32 (347 turns).

Firecrotchwizard the Chopper (Hill Orc Monk)         Turns: 347, Time: 00:02:33

Health: -1/27      AC:  2    Str: 13    XL:     2   Next: 70%
Magic:  2/2        EV: 12    Int: 10    God:
Gold:   35         SH:  0    Dex: 13    Spells: 1/1 levels left

rFire   . . .      SeeInvis .    a - +0 hand axe
rCold   . . .      Faith    .    (no shield)
rNeg    . . .      Spirit   .    b - +0 robe
rPois   .          Reflect  .    (no helmet)
rElec   .          Harm     .    (no cloak)
rCorr   .          Rampage  .    (no gloves)
Will    .....                    (no boots)
Stlth   ++                       (no amulet)
HPRegen 0.24/turn                (no ring)
MPRegen 0.08/turn                (no ring)

@: lethally poisoned (-1 -> -6)
A: no striking features
a: no special abilities


You were on level 3 of the Dungeon.
You visited 1 branch of the dungeon, and saw 3 of its levels.

You collected 35 gold pieces.

Inventory:

Hand Weapons
 a - a +0 hand axe (weapon)
Missiles
 e - 3 silver boomerangs
 s - 15 stones (quivered)
Armour
 b - a +0 robe (worn)
Scrolls
 d - a scroll of immolation {unknown}
 f - a scroll of acquirement {unknown}
 g - a scroll of identify {unknown}
 h - a scroll of blinking {unknown}
Potions
 G - a potion of ambrosia {!q}


   Skills:
 + Level 4.0 Fighting
 * Level 4.8 Axes
 - Level 2.4 Dodging
 - Level 1.5 Stealth


You had one spell level left.
You didn't know any spells.
Your spell library was empty.

Dungeon Overview and Level Annotations

Branches:
Dungeon (3/15)

Altars:


Message History

MP restored: 2 You can't see that place. [a rock wall.] Health restored: 27
There is a stone staircase leading down here.
You climb downwards.
There is a stone staircase leading up here.
g - a scroll labelled TIWNYH LAMO
s - 7 stones (gained 3)
A frilled lizard comes into view.
A frilled lizard is nearby!
You barely miss the frilled lizard. The frilled lizard barely misses you.
You barely miss the frilled lizard.
The frilled lizard bites you but does no damage.
You hit the frilled lizard.
You kill the frilled lizard!
You see here a frilled lizard corpse.
Found a stone staircase leading down.
You now have 35 gold pieces (gained 13).
h - a scroll labelled VYKEXK SIMEIH A hobgoblin comes into view.
The hobgoblin shouts!
You hit the hobgoblin. The hobgoblin misses you.
You closely miss the hobgoblin. The hobgoblin barely misses you.
You hit the hobgoblin.
You kill the hobgoblin!
s - 9 stones (gained 2)
s - 15 stones (gained 6)
You open the large door.
An adder and a quokka come into view.
An adder comes into view.
There is a large open door here.
The adder hisses angrily.
There is a large open door here.
The quokka bites you but does no damage.
The adder bites you.
You take 3 damage, and have 24/27 hp.
The adder hisses angrily.
You hit the quokka. You barely miss the adder. The quokka closely misses you.
The adder barely misses you. The quokka barely misses you.
You hit the quokka but do no damage. You hit the adder. You miss the adder.
The adder bites you. x2
You are poisoned.
The adder poisons you!
The quokka bites you but does no damage.
The adder bites you. The adder barely misses you.
You take 4 damage, and have 20/27 hp.
You hit the quokka but do no damage. You barely miss the adder. x2
You feel sick. The quokka closely misses you. The adder barely misses you.
The adder bites you.
You take 4 damage, and have 16/27 hp.
You hit the quokka. You closely miss the adder. You hit the adder.
You feel sick. The quokka bites you. The adder bites you but does no damage.
The adder bites you.
You are more poisoned.
The adder poisons you! The quokka closely misses you.
You take 5 damage, and have 11/27 hp.
The adder attacks as you move away! The adder bites you.
* * * LOW HITPOINT WARNING * * *
You feel sick. The quokka barely misses you.
The adder bites you but does no damage.
There is a large open door here.
You take 4 damage, and have 7/27 hp.
The adder attacks as you move away! The adder bites you.
* * * LOW HITPOINT WARNING * * *
x2 You feel sick.
There is a large open door here.
You take 4 damage, and have 3/27 hp.
It was a potion of curing.
You feel better. The adder closely misses you.
You regained 11 hp, and now have 14/27 hp.
You barely miss the adder. The adder barely misses you. x2
You hit the adder.
The quokka twitches its whiskers.
The adder completely misses you.
You closely miss the adder. The adder closely misses you.
You closely miss the adder. The adder bites you.
You are poisoned.
The adder poisons you! The adder closely misses you.
You take 3 damage, and have 12/27 hp.
You hit the adder.
You feel sick. The adder closely misses you.
You take 1 damage, and have 11/27 hp.
You hit the adder.
You feel sick. The adder barely misses you.
You take 1 damage, and have 10/27 hp.
You slash the adder!
You kill the adder!
You feel sick. The adder bites you.
* * * LOW HITPOINT WARNING * * *
You are lethally poisoned!
The adder poisons you!
Your Fighting skill increases to level 4!
You take 4 damage, and have 6/27 hp.
You hit the adder.
* * * LOW HITPOINT WARNING * * *
You feel sick. The adder bites you.
* * * LOW HITPOINT WARNING * * *
You take 3 damage, and have 3/27 hp.
You closely miss the adder.
* * * LOW HITPOINT WARNING * * *
You feel sick. The adder bites you.
You die...

#.# #.....# #
#.# #.# #######
#.# #.#### ..#
#....##########
##.
#....##.......#
.
#....##.......#
#....##.......#
##....##.?.....#
#.....@Sr......#
#.....##.......#
#...####.......+
#.[.# #....?..#
#...# ########.
#...# #...#
#...# #####


You could see an adder and a quokka.

Vanquished Creatures
  An adder (D:3)
  2 endoplasms
  A goblin (D:2)
  A hobgoblin (D:3)
  A quokka (D:2)
  A ball python (D:2)
  A frilled lizard (D:3)
  A rat (D:2)
9 creatures vanquished.

Notes
Turn   | Place    | Note
-------+----------+-------------------------------------------
     0 | D:1      | Firecrotchwizard the Hill Orc Monk began the quest for the
                  | Orb.
     0 | D:1      | Reached XP level 1. HP: 19/19 MP: 1/1
   108 | D:2      | Found a faded altar of an unknown god.
   133 | D:2      | HP: 3/20 [frozen (4)]
   234 | D:2      | Reached XP level 2. HP: 25/27 MP: 2/2
   337 | D:3      | HP: 5/27 [adder (2)]
   345 | D:3      | HP: 6/27 [adder (3)]
   346 | D:3      | Reached skill level 4 in Fighting
   347 | D:3      | HP: 1/27 [poisoned by an adder]
   347 | D:3      | Slain by an adder

Illustrated notes

Levels and vault maps discovered:
D:1:      lightli_arrival_statuegarden, layout_basic, serial_shops, shop
D:2:      layout_loops_ring, basic_altar, chequers_ecumenical_altar_twisty,
          uniq_sigmund
D:3:      layout_basic, bloody_makhleb, nicolae_sif_muna_condensation,
          nzn_wu_jian_council_hall, st_stairs_6, minmay_parallelograms,
          kennysheep_cross_bottleneck

Skill      XL: |  1  2 |
---------------+-------+-----
Fighting       | 4 |  4.0
Axes           | |  4.8
Dodging        | |  2.4
Stealth        | |  1.5

Action                     || total
---------------------------++-------
  Melee: Hand axe          ||    32
    Use: Potion            ||     1
   Stab: Sleeping          ||     2
 Armour: Robe              ||    12
  Dodge: Dodged            ||    23

Table legend: (Time is in decaauts)
 A = Elapsed time spent in this place.
 B = Non-inter-level travel time spent in this place.
 C = Inter-level travel time spent in this place.
 D = Time resting spent in this place.
 E = Time spent auto-exploring this place.
 F = Levels seen in this place.
 G = Mean time per level.
                   A        B        C        D        E       F      G
               +--------+--------+--------+--------+--------+-----+--------+
         Total |    348 |    339 |      9 |      0 |    245 |   3 |  116.0 |
       Dungeon |    348 |    339 |      9 |      0 |    245 |   3 |  116.0 |
               +--------+--------+--------+--------+--------+-----+--------+

Top non-repeatable levels by time:
     D:2: 175 daAuts
     D:3: 102 daAuts
     D:1: 70 daAuts

Table legend:
 A = Kills in this place as a percentage of kills in entire the game.
 B = Kills by you in this place as a percentage of kills by you in the entire game.
 C = Kills by friends in this place as a percentage of kills by friends in the entire game.
 D = Other kills in this place as a percentage of other kills in the entire game.
 E = Experience gained in this place as a percentage of experience gained in the entire game.
 F = Experience gained in this place divided by the number of levels of this place that you have seen.
                   A       B       C       D       E      F
               +-------+-------+-------+-------+-------+----------------------
         Total | 100.0 | 100.0 |   N/A |   N/A | 100.0 |   9.0
       Dungeon | 100.0 | 100.0 |   N/A |   N/A | 100.0 |   9.0
               +-------+-------+-------+-------+-------+----------------------
